 Dungeon Sprint DCSS version 0.19.5 (webtiles) character file.

2055 dwjmeijer the Unseen (level 9, -6/39 HPs)
             Began as a Spriggan Enchanter on Apr 25, 2017.
             Was a Follower of Nemelex Xobeh.
             Killed from afar by a white imp (8 damage)
             ... with a puff of frost
             ... summoned by a kobold demonologist
             ... in the Dungeon (Sprint I: "Red Sonja").
             The game lasted 00:03:45 (552 turns).

dwjmeijer the Unseen (Spriggan Enchanter)            Turns: 552, Time: 00:03:46

Health: -6/39      AC:  3    Str:  4      XL:     9   Next: 5%
Magic:  22/26      EV: 18    Int: 17      God:    Nemelex Xobeh [*.....]
Gold:   658        SH:  0    Dex: 18 (19) Spells: 4 memorised, 23 levels left

rFire  . . .     SeeInvis +     m - +2 dagger (distort)
rCold  . . .     Gourm    .     b - +1 robe
rNeg   . . .     Faith    .     (shield restricted)
rPois  .         Spirit   .     (helmet restricted)
rElec  .         Reflect  .     (no cloak)
rCorr  .         Harm     .     (gloves unavailable)
MR     +....     NoTele   +     (boots unavailable)
Stlth  +++++++...               (no amulet)
                                (no ring)
                                (no ring)

@: very quick
A: unfitting armour, see invisible, herbivore 3, speed 3, slow metabolism 2
a: Renounce Religion


You were in the Dungeon.
You worshipped Nemelex Xobeh.
Nemelex Xobeh was aware of your devotion.
You were not hungry.

You visited 1 branch You collected 658 gold pieces.

Inventory:

Hand Weapons
 a - a +1 dagger
 m - a +2 dagger of distortion (weapon)
Armour
 b - a +1 robe (worn)
Wands
 k - a wand of random effects (18/48)
Scrolls
 j - a scroll of blinking
 o - 2 scrolls of amnesia {unknown}
 p - a scroll of summoning {unknown}
Potions
 e - a potion of curing
 f - a potion of heal wounds
 g - a potion of haste
 h - 2 potions of magic
 i - a potion of berserk rage
 q - a potion of cure mutation {unknown}
Books
 c - a book of Maledictions

   Spells                             Type                      Level
   a - Corona                         Hexes                        1
   b - Ensorcelled Hibernation        Hexes/Ice                    2
   c - Confuse                        Hexes                        3
   d - Tukima's Dance                 Hexes                        3
   e - Dazzling Spray                 Conjuration/Hexes            3
Miscellaneous
 n - a plain deck of destruction {drawn: 4}
Comestibles
 d - a bread ration
 l - 4 fruits


   Skills:
 - Level 1.1 Short Blades
 - Level 3.0 Dodging
 + Level 17.0 Stealth
 - Level 12.4 Spellcasting
 * Level 14.6 Hexes
 + Level 6.2 Evocations


You had 23 spell levels left.
You knew the following spells:

 Your Spells              Type           Power        Failure   Level  Hunger
a - Corona                Hex            ######.      0%          1    None
b - Ensorcelled Hibernat  Hex/Ice        #####.       1%          2    None
c - Confuse               Hex            ######..     1%          3    None
d - Dazzling Spray        Conj/Hex       #####.       1%          3    None


Dungeon Overview and Level Annotations

Branches:
Dungeon (1/1)

Altars:
Cheibriados
Dithmenos
Elyvilon
Fedhas
Gozag
Hepliaklqana
Kikubaaqudgha
Makhleb
Nemelex Xobeh
Okawaru
Qazlal
Ru
Sif Muna
Trog
Uskayaw
Vehumet
Xom
Yredelemnul
Zin
The Shining One
Jiyva
Lugonu

Shops:
D }?[


Innate Abilities, Weirdness & Mutations

You are very small and have problems with some larger weapons.
You are too small for most types of armour.
You have supernaturally acute eyesight. (SInv)
You are a herbivore.
You cover ground extremely quickly.
You need consume almost no food.


Message History

The orb of energy hits the hellwing.
The hellwing is lightly wounded.
The hellwing swoops through the air toward you!
The hellwing barely misses you. The hellwing closely misses you.
There is an open door here.
Evoke which item? (* to show all) (? for menu, Esc to quit)
Okay, then.
The white imp gestures at you. The puff of frost hits you!
* * * LOW HITPOINT WARNING * * *
Things that are here:
a scythe; a robe; the human skeleton of Sigmund The quasit misses you.
The quasit barely misses you. The quasit closely misses you.
There is an open door here.
The hellwing disappears in a puff of smoke!
The white imp gestures at you. The puff of frost hits you!
You die...
Your body glows slightly and disappears.

##########################
#<.#..'..#§)'.5#__#..'...#
#..'..#.)'.5#@K'..'..#)..#
#..#####'#####'#__####...+
#..####..#...#.#### ####
#..#__####..##.#
#..#_____##'#..+
#⌠⌠#_.∩...'..._#
####_..__##_.#'##+###
#_____###'#%#....###
############.####'###.##


You could see a kobold demonologist and a white imp.

Vanquished Creatures
  Sonja (D)
  A deep troll (D)
  A kobold demonologist (D)
  A slime creature (D)
  Sigmund (D)
  A yak (D)
  A floating eye (D)
  An ogre (D)
  A jelly (D)
  Ijyb (D)
10 creatures vanquished.

Vanquished Creatures (others)
  A gargoyle (D)
1 creature vanquished.

Grand Total: 11 creatures vanquished

Notes
Turn   | Place    | Note
-------+----------+-------------------------------------------
     0 | D        | dwjmeijer the Spriggan Enchanter began the quest for the Orb.
     0 | D        | Reached XP level 1. HP: 9/9 MP: 5/5
     2 | D        | Noticed Ijyb
    17 | D        | Killed Ijyb
    17 | D        | Reached skill level 6 in Stealth
    17 | D        | Reached skill level 5 in Hexes
    17 | D        | Reached XP level 2. HP: 9/13 MP: 5/8
    23 | D        | Learned a level 2 spell: Ensorcelled Hibernation
   111 | D        | Noticed an ogre
   113 | D        | Killed an ogre
   113 | D        | Reached skill level 9 in Stealth
   113 | D        | Reached XP level 3. HP: 16/16 MP: 9/12
   113 | D        | Reached XP level 4. HP: 21/21 MP: 9/13
   150 | D        | Learned a level 3 spell: Confuse
   154 | D        | Learned a level 3 spell: Dazzling Spray
   155 | D        | Noticed Sigmund
   157 | D        | Killed Sigmund
   157 | D        | Reached skill level 11 in Stealth
   157 | D        | Reached XP level 5. HP: 24/24 MP: 13/17
   157 | D        | Reached XP level 6. HP: 28/28 MP: 14/19
   170 | D        | Found a deep blue altar of Sif Muna.
   172 | D        | Found a radiant altar of Vehumet.
   176 | D        | Reached skill level 12 in Stealth
   208 | D        | Found Xuety's Magic Scroll Emporium.
   208 | D        | Found an ancient bone altar of Kikubaaqudgha.
   208 | D        | Found a hazy altar of Hepliaklqana.
   208 | D        | Found a stormy altar of Qazlal.
   208 | D        | Found a hide-covered altar of Uskayaw.
   208 | D        | Found a blossoming altar of Fedhas.
   208 | D        | Found a bloodstained altar of Trog.
   208 | D        | Found an iron altar of Okawaru.
   208 | D        | Found a basalt altar of Yredelemnul.
   208 | D        | Found a glowing golden altar of the Shining One.
   208 | D        | Found a snail-covered altar of Cheibriados.
   208 | D        | Found a sacrificial altar of Ru.
   208 | D        | Found a glowing silver altar of Zin.
   208 | D        | Found a shadowy altar of Dithmenos.
   208 | D        | Found a white marble altar of Elyvilon.
   208 | D        | Noticed a yak
   210 | D        | Killed a yak
   210 | D        | Reached skill level 13 in Stealth
   210 | D        | Reached skill level 10 in Spellcasting
   210 | D        | Reached skill level 10 in Hexes
   211 | D        | Found an opulent altar of Gozag.
   212 | D        | Found a sparkling altar of Nemelex Xobeh.
   215 | D        | Became a worshipper of Nemelex Xobeh the Trickster
   247 | D        | Found a burning altar of Makhleb.
   247 | D        | Found a viscous altar of Jiyva.
   247 | D        | Found a shimmering altar of Xom.
   247 | D        | Found a corrupted altar of Lugonu.
   247 | D        | Noticed a slime creature
   253 | D        | Killed a slime creature
   253 | D        | Reached skill level 14 in Stealth
   253 | D        | Reached XP level 7. HP: 15/32 MP: 18/22
   342 | D        | Killed a gargoyle
   423 | D        | Received a gift from Nemelex Xobeh
   423 | D        | Noticed Sonja
   427 | D        | Killed Sonja
   427 | D        | Reached skill level 15 in Stealth
   427 | D        | Reached XP level 8. HP: 36/36 MP: 23/25
   450 | D        | Found Nuofous's Gadget Boutique.
   470 | D        | Reached * piety under Nemelex Xobeh
   470 | D        | Noticed a deep troll
   474 | D        | Killed a deep troll
   474 | D        | Reached skill level 16 in Stealth
   484 | D        | Found Tipt's Armour Emporium.
   525 | D        | Noticed a kobold demonologist
   526 | D        | Noticed a kobold demonologist
   527 | D        | Noticed a hellwing
   529 | D        | Reached skill level 5 in Evocations
   531 | D        | Killed a kobold demonologist
   531 | D        | Reached skill level 17 in Stealth
   531 | D        | Reached XP level 9. HP: 39/39 MP: 19/26
   552 | D        | Killed from afar by a white imp

Skill      XL: |  1  2  3  4  5  6  7  8 |
---------------+-------------------------+-----
Stealth        | 6 9 11 14 15 17 | 17.0
Spellcasting   | 4 6 9 11 12 | 12.4
Hexes          | 5 7 9 11 12 14 | 14.6
Evocations     | 6 |  6.2
Short Blades   | |  1.1
Dodging        | |  3.0

Action                   |  1- 3 |  4- 6 |  7- 9 || total
-------------------------+-------+-------+-------++-------
Melee: Dagger            |    15 |     6 |     4 ||    25
 Cast: Ensorcelled Hiber |       |     3 |     5 ||     8
Evoke: Deck              |       |       |     4 ||     4
 Stab: Sleeping          |     2 |     5 |     4 ||    11
Armor: Robe              |       |       |     4 ||     4
Dodge: Dodged            |    10 |     1 |    18 ||    29
